 Dungeon Crawl Stone Soup version 0.21.1-1-g345015fe64 (webtiles) character file.

182 RageMage the Gusty (level 5, 0/35 HPs)
             Began as a Draconian Air Elementalist on May 11, 2018.
             Was a Follower of Hepliaklqana.
             Slain by a giant cockroach (1 damage)
             ... on level 4 of the Dungeon.
             The game lasted 00:17:36 (1712 turns).

RageMage the Gusty (Draconian Air Elementalist)     Turns: 1712, Time: 00:17:36

Health: 0/35       AC:  6    Str: 10    XL:     5   Next: 35%
Magic:  9/9        EV: 13    Int: 16    God:    Hepliaklqana [*.....]
Gold:   112        SH:  0    Dex: 12    Spells: 9/10 levels left

rFire    . . .     SeeInvis .   e - +3 quarterstaff (chaos)
rCold    . . .     Gourm    .   (shield currently unavailable)
rNeg     . . .     Faith    .   (armour unavailable)
rPois    .         Spirit   .   (helmet restricted)
rElec    .         Reflect  .   h - +0 cloak {MR+}
rCorr    .         Harm     .   (no gloves)
MR       +....                  (no boots)
Stlth    ++........             (no amulet)
HPRegen  0.11/turn              (no ring)
MPRegen  0.11/turn              (no ring)

@: no status effects
A: unfitting armour, reduced essence, cold-blooded, AC +5
a: Recall Ancestor, Ancestor Identity, Renounce Religion


You were on level 4 of the Dungeon.
You worshipped Hepliaklqana.
Hepliaklqana was aware of your devotion.
You were hungry.

You visited 1 branch of the dungeon, and saw 4 of its levels.

You collected 112 gold pieces.

Inventory:

Hand Weapons
 c - a +0 short sword
 e - a +3 quarterstaff of chaos (weapon)
 f - a +0 mace
Armour
 d - a +1 robe of magic resistance
 h - a +0 cloak of magic resistance (worn)
Scrolls
 g - 3 scrolls of identify
 j - a scroll of amnesia {unknown}
 k - a scroll of blinking {unknown}
Potions
 i - a potion of flight
Books
 a - a book of Air

   Spells                             Type                      Level
   a - Shock                          Conjuration/Air              1
   b - Swiftness                      Charms/Air                   2
   c - Static Discharge               Conjuration/Air              3
   d - Airstrike                      Air                          4
   e - Lightning Bolt                 Conjuration/Air              5
Comestibles
 b - a ration


   Skills:
 + Level 0.9 Fighting
 + Level 0.8 Short Blades
 + Level 2.7 Dodging
 + Level 2.5 Stealth
 + Level 3.0 Spellcasting
 + Level 2.1 Conjurations
 + Level 3.7 Air Magic


You had 9 spell levels left.
You knew the following spells:

 Your Spells              Type           Power        Failure   Level  Hunger
a - Shock                 Conj/Air       ##..         5%          1    #......


Dungeon Overview and Level Annotations

Branches:
Dungeon (4/15)
 Temple: D:4-7

Altars:
Hepliaklqana


Innate Abilities, Weirdness & Mutations

Your plain brown scales are hard. (AC +5)
You cannot fit into any form of body armour.
You are cold-blooded and may be slowed by cold attacks.
Your life essence is reduced to manifest your ancestor. (-10% HP)


Message History

The frilled lizard bites you but does no damage.
The giant cockroach barely misses you.
You closely miss the frilled lizard. The frilled lizard bites you.
* * * LOW HITPOINT WARNING * * *
The giant cockroach bites you.
* * * LOW HITPOINT WARNING * * *
You closely miss the giant cockroach.
You tail-slap the giant cockroach, but do no damage.
The giant cockroach bites you but does no damage.
The frilled lizard closely misses you. The giant cockroach bites you.
* * * LOW HITPOINT WARNING * * *
The frilled lizard bites you.
* * * LOW HITPOINT WARNING * * *
You barely miss the giant cockroach. The giant cockroach misses you.
The frilled lizard barely misses you.
You hit the giant cockroach. You freeze the giant cockroach.
The giant cockroach is almost dead.
The giant cockroach completely misses you.
The frilled lizard closely misses you. The giant cockroach bites you.
You die...

## #. ###.#
#..###...#
##.....s##
#....)@l.#
..!######.#
.# l# .# .#
.) ..


You could see a giant cockroach and a frilled lizard.

Vanquished Creatures
  An orc wizard (D:4)
  Crazy Yiuf (D:2)
  Robin (D:2)
  2 adders (D:2)
  An ooze (D:3)
  2 worms (D:2)
  2 dart slugs
  2 leopard geckos
  3 orcs
  4 giant cockroaches
  8 hobgoblins
  3 quokkas (D:2)
  12 bats
  12 goblins
  6 kobolds
  8 rats
  2 fungi (D:2)
70 creatures vanquished.

Vanquished Creatures (collateral kills)
  A worm (D:3)
1 creature vanquished.

Vanquished Creatures (others)
  A fungus (D:2)
1 creature vanquished.

Grand Total: 72 creatures vanquished

Notes
Turn   | Place    | Note
-------+----------+-------------------------------------------
     0 | D:1      | RageMage the Draconian Air Elementalist began the quest for the Orb.
     0 | D:1      | Reached XP level 1. HP: 14/14 MP: 3/3
   145 | D:1      | Reached XP level 2. HP: 14/20 MP: 1/5
   585 | D:1      | Reached XP level 3. HP: 24/26 MP: 3/6
   920 | D:2      | Noticed Robin
   932 | D:2      | Reached XP level 4. HP: 28/34 MP: 5/7
   941 | D:2      | Killed Robin
  1243 | D:2      | Found a runed door.
  1247 | D:2      | Noticed Crazy Yiuf
  1272 | D:2      | Found a faded altar of an unknown god.
  1281 | D:2      | Became a worshipper of Hepliaklqana the Forgotten
  1281 | D:2      | Reached * piety under Hepliaklqana
  1501 | D:2      | HP: 1/30 [Crazy Yiuf/quarterstaff of chaos (2)]
  1503 | D:2      | Killed Crazy Yiuf
  1609 | D:3      | Reached XP level 5. HP: 23/35 MP: 9/9
  1710 | D:4      | HP: 1/35 [frilled lizard (3)]
  1712 | D:4      | Slain by a giant cockroach

Skill      XL: |  1  2  3  4  5 |
---------------+----------------+-----
Dodging        | 2 |  2.7
Stealth        | 2 |  2.5
Conjurations   | 2 |  2.1
Spellcasting   | 3 |  3.0
Fighting       | |  0.9
Short Blades   | |  0.8
Air Magic      | |  3.7

Action                   |  1- 3 |  4- 6 || total
-------------------------+-------+-------++-------
Melee: Unarmed           |    14 |       ||    14
       Short sword       |    87 |    29 ||   116
       Tailslap          |    10 |     7 ||    17
       Mace              |       |     4 ||     4
       Quarterstaff      |       |    16 ||    16
 Cast: Shock             |    61 |    42 ||   103
Invok: Ancestor Identity |       |     1 ||     1
  Use: Scroll            |     2 |     1 ||     3
       Potion            |     6 |     3 ||     9
 Stab: Sleeping          |       |     2 ||     2
       Paralysed         |       |     1 ||     1
  Eat: Ration            |     1 |       ||     1
Armor: Skin              |    56 |    19 ||    75
Dodge: Dodged            |    91 |    46 ||   137
